TOP OF THE 1ST |
California Golden Bears batting - Pitching for Oklahoma Sooners : RHP Gonzalo Gutiérrez
|
Pitching: RHP Gonzalo Gutiérrez
|
|
Batting: LHB Noah Gillespie
|
0-0: Ground out 4-3 (Groundball, 4M)
|
Batting: RHB Júlio López
|
0-0: Ball 1-0: Ball 2-0: Ball 3-0: Base on Balls
|
Batting: SHB Chris Woods
|
0-0: Ball 1-0: Foul Ball, location: 2F 1-1: Ball 2-1: Swinging Strike 2-2: Fly out, F7 (Flyball, 7LMF)
|
Batting: LHB Sergio Fernández
|
0-0: Ball 1-0: Called Strike 1-1: Fly out, F7 (Flyball, 78S)
|
Top of the 1st over - 0 run(s), 0 hit(s), 0 error(s), 1 left on base; California 0 - Oklahoma 0 |
BOTTOM OF THE 1ST |
Oklahoma Sooners batting - Pitching for California Golden Bears : RHP Steve Deal
|
Pitching: RHP Steve Deal
|
|
Batting: SHB Donald Reed
|
0-0: Ground out 3-1 (Groundball, 34S)
|
Batting: SHB César Álvarez
|
0-0: DOUBLE (Line Drive, 3L)
|
Batting: RHB Ralph Hayes
|
0-0: Fly out, F9 (Line Drive, 9M)
|
Batting: RHB Cristián López
|
0-0: Ball 1-0: SINGLE (Line Drive, 8LS) César Álvarez to third Runner from 3rd tries for Home, SAFE, no throw or cutoff
|
Batting: LHB Keith Green
|
0-0: Ball 1-0: Ball 2-0: Called Strike 2-1: Ball 3-1: Base on Balls Cristián López to second
|
Batting: SHB Walt Rodgers
|
0-0: Ball 1-0: Swinging Strike 1-1: Called Strike 1-2: Ball 2-2: Ball 3-2: DOUBLE (Line Drive, 5D) Cristián López scores Keith Green to third Keith Green scores
|
Batting: RHB Dan Mitchell
|
0-0: Ball 1-0: Fly out, F9 (Flyball, 9M)
|
Bottom of the 1st over - 3 run(s), 3 hit(s), 0 error(s), 1 left on base; California 0 - Oklahoma 3 |
TOP OF THE 2ND |
California Golden Bears batting - Pitching for Oklahoma Sooners : RHP Gonzalo Gutiérrez
|
Batting: RHB Phil Garne
|
0-0: Called Strike 0-1: Swinging Strike 0-2: SINGLE (Groundball, 4M)
|
Batting: RHB Richard Stroud
|
0-0: Ball 1-0: Ball 2-0: Swinging Strike 2-1: Fly out, F8 (Flyball, 8LM)
|
Batting: RHB Marv Shepard
|
0-0: Ball 1-0: Fly out, F8 (Flyball, 8RM)
|
Batting: RHB Robin Dobson
|
0-0: Called Strike 0-1: SINGLE (Flyball, 8RS) Phil Garne to second Runner from 2nd tries for 3rd, SAFE, no throw or cutoff
|
Batting: SHB Jeff McGill
|
0-0: Called Strike 0-1: Ball 1-1: Ball 2-1: SINGLE (Groundball, 5D) Phil Garne scores Robin Dobson to second
|
Batting: LHB Noah Gillespie
|
0-0: Called Strike 0-1: Called Strike 0-2: Ball 1-2: Ball 2-2: Ball 3-2: Strikes out swinging
|
Top of the 2nd over - 1 run(s), 3 hit(s), 0 error(s), 2 left on base; California 1 - Oklahoma 3 |
BOTTOM OF THE 2ND |
Oklahoma Sooners batting - Pitching for California Golden Bears : RHP Steve Deal
|
Batting: RHB Ben Fisher
|
0-0: Ball 1-0: SINGLE (Flyball, 8LM)
|
Batting: RHB Kurt Elkins
|
0-0: Called Strike 0-1: Swinging Strike 0-2: Strikes out swinging
|
Batting: SHB Donald Reed
|
0-0: Foul Ball, location: 2F 0-1: SINGLE (Groundball, 13S) (infield hit) Ben Fisher to second
|
Batting: SHB César Álvarez
|
0-0: Called Strike 0-1: Ball 1-1: Fly out, F8 (Flyball, 8RS)
|
Batting: RHB Ralph Hayes
|
0-0: Ball 1-0: Ball 2-0: Called Strike 2-1: Fly out, F3 (Popup, 4)
|
Bottom of the 2nd over - 0 run(s), 2 hit(s), 0 error(s), 2 left on base; California 1 - Oklahoma 3 |
TOP OF THE 3RD |
California Golden Bears batting - Pitching for Oklahoma Sooners : RHP Gonzalo Gutiérrez
|
Batting: RHB Júlio López
|
0-0: Called Strike 0-1: Ball 1-1: Bunt missed! 1-2: Ball 2-2: SINGLE (Flyball, 8RS)
|
Batting: SHB Chris Woods
|
0-0: Grounds into double play, 6-4-3 (Groundball, 6M)
|
Batting: LHB Sergio Fernández
|
0-0: Foul Ball, location: 2F 0-1: Foul Ball, location: 2F 0-2: Ground out U3 (Groundball, 3L)
|
Top of the 3rd over - 0 run(s), 1 hit(s), 0 error(s), 0 left on base; California 1 - Oklahoma 3 |
BOTTOM OF THE 3RD |
Oklahoma Sooners batting - Pitching for California Golden Bears : RHP Steve Deal
|
Batting: RHB Cristián López
|
0-0: Called Strike 0-1: Called Strike 0-2: Ball 1-2: SINGLE (Groundball, 5L)
|
Batting: LHB Keith Green
|
0-0: 2-RUN HOME RUN (Line Drive, 9D), Distance : 365 ft
|
Batting: SHB Walt Rodgers
|
0-0: Called Strike 0-1: Called Strike 0-2: Ball 1-2: Foul Ball, location: 2F 1-2: Ball 2-2: Fly out, F7 (Flyball, 78M)
|
Batting: RHB Dan Mitchell
|
0-0: Ball 1-0: Ball 2-0: Called Strike 2-1: Ground out 6-3 (Groundball, 6)
|
Batting: RHB Ben Fisher
|
0-0: Ball 1-0: Called Strike 1-1: Foul Ball, location: 2F 1-2: Strikes out swinging
|
Bottom of the 3rd over - 2 run(s), 2 hit(s), 0 error(s), 0 left on base; California 1 - Oklahoma 5 |
TOP OF THE 4TH |
California Golden Bears batting - Pitching for Oklahoma Sooners : RHP Gonzalo Gutiérrez
|
Batting: RHB Phil Garne
|
0-0: Called Strike 0-1: Ball 1-1: SINGLE (Flyball, 78S)
|
Batting: RHB Richard Stroud
|
0-0: Ball 1-0: Ball 2-0: Foul Ball, location: 2F 2-1: Foul Ball, location: 2F 2-2: Fly out, F9 (Flyball, 89M)
|
Batting: RHB Marv Shepard
|
0-0: Swinging Strike 0-1: Ball 1-1: Ball 2-1: Ball 3-1: Fielders Choice at 2nd, 5-4 (Groundball, 56)
|
Batting: RHB Robin Dobson
|
0-0: Ball 1-0: Swinging Strike 1-1: Foul Ball, location: 2F 1-2: Ball 2-2: Fly out, F9 (Flyball, 89M)
|
Top of the 4th over - 0 run(s), 1 hit(s), 0 error(s), 1 left on base; California 1 - Oklahoma 5 |
BOTTOM OF THE 4TH |
Oklahoma Sooners batting - Pitching for California Golden Bears : RHP Steve Deal
|
Batting: RHB Kurt Elkins
|
0-0: Fly out, F7 (Flyball, 7M)
|
Batting: SHB Donald Reed
|
0-0: Ground out 4-3 (Groundball, 4)
|
Batting: SHB César Álvarez
|
0-0: Called Strike 0-1: Ball 1-1: Ball 2-1: Ball 3-1: Called Strike 3-2: Ground out U3 (Groundball, 3)
|
Bottom of the 4th over - 0 run(s), 0 hit(s), 0 error(s), 0 left on base; California 1 - Oklahoma 5 |
TOP OF THE 5TH |
California Golden Bears batting - Pitching for Oklahoma Sooners : RHP Gonzalo Gutiérrez
|
Batting: SHB Jeff McGill
|
0-0: Ball 1-0: SINGLE (Line Drive, 6MD)
|
Batting: LHB Noah Gillespie
|
0-0: Ball 1-0: Swinging Strike Pickoff Throw to First - Out! 1-1: Foul Ball, location: 2F 1-2: Ball 2-2: Ball 3-2: Fly out, F7 (Flyball, 7LM)
|
Batting: RHB Júlio López
|
0-0: Ground out 6-3 (Groundball, 6)
|
Top of the 5th over - 0 run(s), 1 hit(s), 0 error(s), 0 left on base; California 1 - Oklahoma 5 |
BOTTOM OF THE 5TH |
Oklahoma Sooners batting - Pitching for California Golden Bears : RHP Steve Deal
|
Batting: RHB Ralph Hayes
|
0-0: Called Strike 0-1: Ball 1-1: Ball 2-1: Foul Ball, location: 2F 2-2: Strikes out swinging
|
Batting: RHB Cristián López
|
0-0: SINGLE (Line Drive, 8LS)
|
Batting: LHB Keith Green
|
0-0: Called Strike 0-1: Ball Wild Pitch! Cristián López to second 1-1: SINGLE (Line Drive, 56D) Cristián López to third
|
Batting: SHB Walt Rodgers
|
0-0: Ball 1-0: Ball 2-0: Ball 3-0: Called Strike 3-1: DOUBLE (Groundball, 3D) Cristián López scores Keith Green to third
|
Batting: RHB Dan Mitchell
|
0-0: Ground out 1-3 (Groundball, 15S)
|
Batting: RHB Ben Fisher
|
0-0: Ball 1-0: Foul Ball, location: 2F 1-1: Ground out 5-3 (Groundball, 5L)
|
Bottom of the 5th over - 1 run(s), 3 hit(s), 0 error(s), 2 left on base; California 1 - Oklahoma 6 |
TOP OF THE 6TH |
California Golden Bears batting - Pitching for Oklahoma Sooners : RHP Gonzalo Gutiérrez
|
Batting: SHB Chris Woods
|
0-0: Ball 1-0: Foul Ball, location: 2F 1-1: Ball 2-1: Fly out, F3 (Popup, 34)
|
Batting: LHB Sergio Fernández
|
0-0: Foul Ball, location: 2F 0-1: Ball 1-1: Called Strike 1-2: Strikes out swinging passed ball, reaches first!
|
Batting: RHB Phil Garne
|
0-0: Fly out, F4 (Popup, 4D)
|
Batting: RHB Richard Stroud
|
0-0: Ball 1-0: Ball 2-0: Ball 3-0: Base on Balls Sergio Fernández to second
|
Pitching: RHP Alex Hicks
|
|
Batting: RHB Marv Shepard
|
0-0: Fly out, F3 (Popup, 23)
|
Top of the 6th over - 0 run(s), 0 hit(s), 0 error(s), 2 left on base; California 1 - Oklahoma 6 |
BOTTOM OF THE 6TH |
Oklahoma Sooners batting - Pitching for California Golden Bears : RHP Steve Deal
|
Batting: RHB Kurt Elkins
|
0-0: Ball 1-0: Called Strike 1-1: Foul Ball, location: 2F 1-2: Ball 2-2: Foul Ball, location: 2F 2-2: Foul Ball, location: 2F 2-2: Ball 3-2: Foul Ball, location: 2F 3-2: Foul Ball, location: 2F 3-2: Foul Ball, location: 2F 3-2: Strikes out swinging
|
Pitching: RHP Charles Schneider
|
|
Batting: SHB Donald Reed
|
0-0: Called Strike 0-1: Foul Ball, location: 2F 0-2: Strikes out looking
|
Batting: SHB César Álvarez
|
0-0: Foul Ball, location: 2F 0-1: Ball 1-1: Ball 2-1: Foul Ball, location: 2F 2-2: Strikes out swinging
|
Bottom of the 6th over - 0 run(s), 0 hit(s), 0 error(s), 0 left on base; California 1 - Oklahoma 6 |
TOP OF THE 7TH |
California Golden Bears batting - Pitching for Oklahoma Sooners : RHP Alex Hicks
|
Batting: RHB Robin Dobson
|
0-0: Foul Ball, location: 2F 0-1: SINGLE (Flyball, 78S)
|
Batting: SHB Jeff McGill
|
0-0: Ball 1-0: Ball 2-0: Called Strike 2-1: Ball 3-1: Foul Ball, location: 2F 3-2: Foul Ball, location: 2F 3-2: Strikes out swinging
|
Batting: LHB Noah Gillespie
|
0-0: 2-RUN HOME RUN (Flyball, 89XD), Distance : 368 ft
|
Batting: RHB Júlio López
|
0-0: Called Strike 0-1: Ball 1-1: Called Strike 1-2: Ball 2-2: Strikes out looking
|
Batting: SHB Chris Woods
|
0-0: Called Strike 0-1: Ball 1-1: Foul Ball, location: 2F 1-2: Ball 2-2: Ball 3-2: Foul Ball, location: 2F 3-2: Strikes out looking
|
Top of the 7th over - 2 run(s), 2 hit(s), 0 error(s), 0 left on base; California 3 - Oklahoma 6 |
BOTTOM OF THE 7TH |
Oklahoma Sooners batting - Pitching for California Golden Bears : RHP Charles Schneider
|
Batting: RHB Ralph Hayes
|
0-0: Foul Ball, location: 2F 0-1: Ball 1-1: Ball 2-1: Ball 3-1: Ground out 5-3 (Groundball, 56)
|
Batting: RHB Cristián López
|
0-0: Fly out, F9 (Flyball, 89M)
|
Batting: LHB Keith Green
|
0-0: Foul Ball, location: 2F 0-1: Ball 1-1: Fly out, F2 (Popup, 2LF)
|
Bottom of the 7th over - 0 run(s), 0 hit(s), 0 error(s), 0 left on base; California 3 - Oklahoma 6 |
TOP OF THE 8TH |
California Golden Bears batting - Pitching for Oklahoma Sooners : RHP Alex Hicks
|
Batting: LHB Sergio Fernández
|
0-0: Called Strike 0-1: Fly out, F9 (Flyball, 9M)
|
Batting: RHB Phil Garne
|
0-0: Ball 1-0: Ball 2-0: Foul Ball, location: 2F 2-1: Ball 3-1: Called Strike 3-2: Base on Balls
|
Batting: RHB Richard Stroud
|
0-0: Called Strike 0-1: Swinging Strike 0-2: Ball 1-2: Ball 2-2: Foul Ball, location: 2F 2-2: Strikes out looking
|
Pitching: RHP Bill Palmer
|
|
Batting: RHB Marv Shepard
|
0-0: Ball 1-0: Fly out, F5 (Line Drive, 5)
|
Top of the 8th over - 0 run(s), 0 hit(s), 0 error(s), 1 left on base; California 3 - Oklahoma 6 |
BOTTOM OF THE 8TH |
Oklahoma Sooners batting - Pitching for California Golden Bears : RHP Charles Schneider
|
Batting: SHB Walt Rodgers
|
0-0: Ball 1-0: Ball 2-0: Ball 3-0: Base on Balls
|
Batting: RHB Dan Mitchell
|
0-0: Called Strike Walt Rodgers steals 2nd base 0-1: Ground out 6-3 (Groundball, 6) Walt Rodgers to third
|
Batting: RHB Ben Fisher
|
0-0: Intentional Walk
|
Pitching: RHP Ricardo Martínez
|
|
Batting: RHB Kurt Elkins
|
0-0: Ball 1-0: Called Strike 1-1: Foul Ball, location: 2F 1-2: SINGLE (Groundball, 6MD) (infield hit) Walt Rodgers scores Ben Fisher to second
|
Batting: SHB Donald Reed
|
0-0: Called Strike 0-1: Called Strike 0-2: Ball 1-2: Strikes out looking
|
Batting: SHB César Álvarez
|
0-0: Ball 1-0: Foul Ball, location: 2F 1-1: Ball 2-1: Foul Ball, location: 2F 2-2: Ball 3-2: Base on Balls Ben Fisher to third Kurt Elkins to second
|
Batting: RHB Ralph Hayes
|
0-0: Swinging Strike 0-1: Called Strike 0-2: Fly out, F7 (Flyball, 78M)
|
Bottom of the 8th over - 1 run(s), 1 hit(s), 0 error(s), 3 left on base; California 3 - Oklahoma 7 |
TOP OF THE 9TH |
California Golden Bears batting - Pitching for Oklahoma Sooners : RHP Bill Palmer
|
Batting: RHB Robin Dobson
|
0-0: Foul Ball, location: 2F 0-1: Fly out, F3 (Popup, 3SF)
|
Batting: SHB Jeff McGill
|
0-0: Swinging Strike 0-1: Swinging Strike 0-2: Ball 1-2: Ball 2-2: Ball 3-2: Foul Ball, location: 2F 3-2: Strikes out swinging
|
Batting: LHB Noah Gillespie
|
0-0: Ball 1-0: Called Strike 1-1: Fly out, F9 (Flyball, 9LM)
|
Top of the 9th over - 0 run(s), 0 hit(s), 0 error(s), 0 left on base; California 3 - Oklahoma 7 |
|